[Event "Early-Titled-Tuesday-Blitz-February-27-2024"]
[Site "Chess.com"]
[Date "2024.02.27"]
[Round "7"]
[White "MaxLeto"]
[Black "EvgenyBurmakin"]
[Result "1-0"]
[WhiteElo "2518"]
[BlackElo "2337"]
[TimeControl "180+1"]
[EndTime "9:16:40 PST"]
[Termination "MaxLeto won on time"]

1. e4 c5 2. Nf3 d6 3. d4 cxd4 4.
Nxd4 Nf6 5. Nc3 a6 6. h3 e5 7. Nde2 Be6 8. g4 Be7 9. Bg2 Nc6 10. Be3 Na5 11. b3 b5 12. Ng3 Rc8 13. Qd2 Qc7 14.
Nce2 Nb7 15. Rc1 O-O 16. g5 Nd7 17. Nf5 Bd8 18. O-O d5 19. f3 d4 20. Bf2 Nd6 21.
Neg3 g6 22. Nxd6 Qxd6 23. c3 Ba5 24. b4 Bb6 25. Rfd1 Qe7 26. cxd4 exd4 27. h4 Ne5 28. Bxd4 Bxd4+ 29. Qxd4 Nc4 30. f4 Qxb4 31. f5 Qa3 32.
Rc3 Qxa2 33. fxe6 fxe6 34. Bh3 e5 35. Qa7 Qb2 36. Rd7 Qb1+ 37. Nf1 1-0

[Event "Early-Titled-Tuesday-Blitz-February-27-2024"]
[Site "Chess.com"]
[Date "2024.02.27"]
[Round "7"]
[White "Chopper1905"]
[Black "Rud_Makarian"]
[Result "1-0"]
[WhiteElo "2941"]
[BlackElo "3093"]
[TimeControl "180+1"]
[EndTime "9:16:41 PST"]
[Termination "Chopper1905 won by resignation"]

1. d4 Nf6 2. c4 e6 3. Nf3 d5 4. Nc3 Be7 5. Bf4 O-O 6. e3 Nbd7 7. c5 Ne4 8. Rc1 f5 9. h3 c6 10. Be2 b6 11. O-O bxc5 12. dxc5 Bf6 13. Nd4 Ndxc5 14.
Nxe4 Nxe4 15. Nxc6 Qb6 16. Rc2 Bd7 17. Ne5 Ba4 18.
b3 Bb5 19. Bxb5 Qxb5 20. f3 Nd6 21. Qc1 Nf7 22. Rc5 Qa6 23. Nd7 Rfc8 24. Nxf6+ gxf6 25. Bc7 Qxa2 26. Qc3 Kg7 27. Rc1 Qa6 28. Rc6 Rxc7 29.
Rxc7 Qd6 30. Rc6 Qd7 31. Qe1 Kh8 32. Qh4 Ng5 33. Qh6 Qf7 34. Rc8+ 1-0

[Event "Early-Titled-Tuesday-Blitz-February-27-2024"]
[Site "Chess.com"]
[Date "2024.02.27"]
[Round "7"]
[White "Salem-AR"]
[Black "ilqar_74"]
[Result "0-1"]
[WhiteElo "3015"]
[BlackElo "2834"]
[TimeControl "180+1"]
[EndTime "9:16:41 PST"]
[Termination "ilqar_74 won by resignation"]

1. d4 Nf6 2. Nf3 e6 3. Bf4 d5 4.
e3 Bd6 5. Nbd2 O-O 6. Bd3 c5 7. c3 Nc6 8. Ne5 Qe7 9. O-O h6 10. Bg3 Nd7 11. f4 Qe8 12. Qe2 f5 13. Kh1 Nf6 14.
Bh4 Ne4 15. g4 Nxe5 16. fxe5 Be7 17. Bxe7 Qxe7 18. gxf5 exf5 19. Rg1 Be6 20. Raf1 Kh7 21. Qg2 g5 22. Nf3 c4 23. Bc2 g4 24. Ne1 Qg5 25.
Qe2 Qh4 26. Rf4 h5 27. Nf3 Nf2+ 28. Qxf2 Qxf2 29. Ng5+ Kg6 30. Rxf2 Kxg5 31. Rgf1 Rf7 32. Rf4 Raf8 33. Kg2 b5 34. a4 bxa4 35. Bxa4 Rb8 36. R4f2 Rfb7 37. Rb1 a6 38. Kf1 h4 39. Ke1 g3 40. hxg3 hxg3 41. Rg2 f4 42. Bd1 Bf5 43.
Ra1 Rxb2 44. Kf1 Bh3 0-1

[Event "Early-Titled-Tuesday-Blitz-February-27-2024"]
[Site "Chess.com"]
[Date "2024.02.27"]
[Round "7"]
[White "Hananmo"]
[Black "Grandmaster1369"]
[Result "0-1"]
[WhiteElo "2523"]
[BlackElo "2767"]
[TimeControl "180+1"]
[EndTime "9:16:41 PST"]
[Termination "Grandmaster1369 won by resignation"]

1. g3 c5 2. Bg2 g6 3. Nf3 Bg7 4. O-O Nc6 5. d3 d5 6. Nc3 Nf6 7. e4 d4 8. Ne2 e5 9. Nd2 O-O 10. f4 Ng4 11. Nc4 b5 12. Nxe5 Ncxe5 13. fxe5 Bxe5 14.
Nf4 Ne3 15. Bxe3 dxe3 16. c3 b4 17. Rc1 bxc3 18. bxc3 Rb8 19. Nd5 Rb2 20. Nxe3 Rxa2 21. Nd5 Qg5 22. Rc2 Rxc2 23. Qxc2 Be6 24. Nf4 Bd7 25.
Kh1 h5 26. Qf2 Bxc3 27. Qa2 a5 28. Nd5 Bd4 29. Qxa5 h4 30. Qc7 Be6 31. Qf4 Qxf4 32. Nxf4 Bd7 33. gxh4 Kg7 34. h5 g5 35. Nd5 Rh8 36.
Bf3 g4 37. Be2 Rxh5 38. Kg2 Be5 39. Nf4 Rh4 40. Rf2 Kh6 41. Kg3 Kg5 42. h3 Bxf4+ 0-1

[Event "Early-Titled-Tuesday-Blitz-February-27-2024"]
[Site "Chess.com"]
[Date "2024.02.27"]
[Round "7"]
[White "claudyna16"]
[Black "Yeritsyaan"]
[Result "1-0"]
[WhiteElo "2480"]
[BlackElo "2584"]
[TimeControl "180+1"]
[EndTime "9:16:41 PST"]
[Termination "claudyna16 won by resignation"]

1. c4 Nf6 2. g3 g6 3. Bg2 Bg7 4. Nc3 O-O 5. e3 c5 6. Nge2 Nc6 7. O-O d6 8. h3 a6 9. d4 cxd4 10. exd4 e5 11. d5 Ne7 12. b3 Rb8 13. a4 Nd7 14. Ba3 Qc7 15. Ne4 Nf5 16. g4 Nh4 17. Bxd6 Qd8 18.
Bxf8 Bxf8 19. g5 Nc5 20. N2g3 Nxe4 21. Nxe4 Bf5 22. Nf6+ Kh8 23. Qe2 h6 24. Qxe5 hxg5 25. Rae1 Bd6 26. Qe8+ Qxe8 27. Rxe8+ Kg7 28. Rxb8 Bxb8 29.
Ne8+ Kf8 30. Re1 Bd7 31. Nf6 Bf5 32. Re8+ Kg7 33. Rxb8 Kxf6 34. Rxb7 a5 35. d6 Nxg2 36. d7 Ke7 37. Rb8 Bxd7 38. Kxg2 Kd6 39. Kg3 Kc5 40. Rb7 Be8 41. Re7 Bc6 42. Rxf7 Kb4 43. Rf6 Be4 44. Rb6+ Kc5 45. Rb5+ Kc6 46. Rxa5 Bc2 47. b4 Bd3 48. Ra6+ Kb7 49. b5 Bxc4 50. Rxg6 Bb3 51. a5 1-0

[Event "Early-Titled-Tuesday-Blitz-February-27-2024"]
[Site "Chess.com"]
[Date "2024.02.27"]
[Round "7"]
[White "Chessdude1987"]
[Black "mightysmasher"]
[Result "1-0"]
[WhiteElo "2375"]
[BlackElo "2539"]
[TimeControl "180+1"]
[EndTime "9:16:41 PST"]
[Termination "Chessdude1987 won on time"]

1. e4 e6 2. d4 d5 3. e5 c5 4. c3 Nc6 5. Nf3 Qb6 6. Bd3 Bd7 7. O-O cxd4 8. Re1 Nge7 9. Ng5 Ng6 10. Bxg6 hxg6 11. Qf3 Nd8 12. Nd2 Rc8 13. Nb3 dxc3 14. bxc3 Qc7 15. Bd2 Be7 16. Rac1 Rh5 17. Qg3 Nc6 18. c4 d4 19. Nf3 d3 20. Re3 Rd8 21.
Rxd3 Nxe5 22. Bf4 Nxf3+ 23. Qxf3 Qc6 24. Qe3 f6 25. Nd4 Qc8 26. Bg3 Kf7 27. Nb3 e5 28. Rcd1 Be6 29. Rxd8 Bxd8 30. Qxa7 Be7 31. Na5 Bg4 32.
Rc1 Be6 33. c5 Qd8 34. Nxb7 Qd2 35. Nd6+ 1-0

[Event "Early-Titled-Tuesday-Blitz-February-27-2024"]
[Site "Chess.com"]
[Date "2024.02.27"]
[Round "7"]
[White "MightyGMpretender"]
[Black "Russian_berezka"]
[Result "0-1"]
[WhiteElo "2769"]
[BlackElo "2596"]
[TimeControl "180+1"]
[EndTime "9:16:42 PST"]
[Termination "Russian_berezka won by checkmate"]

1. Nf3 Nf6 2. c4 e6 3. b3 d5 4. Bb2 c5 5. e3 Nc6 6. cxd5 exd5 7. Be2 Bd6 8. O-O O-O 9. d4 cxd4 10. Nxd4 Re8 11.
Nd2 a6 12. Nxc6 bxc6 13. Nf3 Ne4 14. Rc1 Bd7 15. Qd4 Bf8 16. Ne5 a5 17. Nxc6 Qg5 18.
Ne5 Bh3 19. Bf3 Rad8 20. Kh1 Bf5 21. g3 Re6 22. Bg2 Rh6 23. Rc6 Rxc6 24. Nxc6 Rd6 25. Ne5 Qh5 26. g4 Bxg4 27. Nxg4 Qxg4 28. f3 Qh4 29.
fxe4 Rh6 30. h3 Qg3 31. Qe5 Qxe3 32. exd5 Rxh3+ 33. Bxh3 Qxh3+ 34. Qh2 Qxf1+ 35. Qg1 Qf3+ 36. Qg2 Qd1+ 37. Kh2 Bd6+ 38. Kh3 Qh5# 0-1

[Event "Early-Titled-Tuesday-Blitz-February-27-2024"]
[Site "Chess.com"]
[Date "2024.02.27"]
[Round "7"]
[White "ATM622"]
[Black "jk13"]
[Result "0-1"]
[WhiteElo "2535"]
[BlackElo "2705"]
[TimeControl "180+1"]
[EndTime "9:16:42 PST"]
[Termination "jk13 won on time"]

1. d4 Nf6 2. c4 e6 3. g3 Bb4+ 4. Nd2 O-O 5. Bg2 d5 6. Qc2 b6 7.
Nf3 Bb7 8. O-O Bxd2 9. Nxd2 Nbd7 10. e4 dxe4 11. Nxe4 Nxe4 12. Bxe4 Bxe4 13. Qxe4 Nf6 14. Qh4 h6 15. Rd1 c6 16. Be3 b5 17. b3 a5 18.
Rac1 a4 19. d5 cxd5 20. cxb5 axb3 21. axb3 Qa5 22. Bxh6 Ne8 23. Rd4 Qxb5 24. Rg4 f6 25.
Bxg7 Nxg7 26. Qh6 Ra7 27. Rh4 Qd3 28. b4 Kf7 29. Rg4 Rg8 30. b5 Qf5 31. Rf4 Qg6 32. Qh4 Nf5 33. Qh3 Rb7 34. Ra4 Rgb8 35. b6 Rxb6 36.
Rc7+ Kg8 37. Raa7 Rb1+ 38. Kg2 Ne3+ 39. Kf3 Qe4+ 40. Ke2 R8b2+ 0-1

[Event "Early-Titled-Tuesday-Blitz-February-27-2024"]
[Site "Chess.com"]
[Date "2024.02.27"]
[Round "7"]
[White "1mbl4"]
[Black "Kobalia"]
[Result "1-0"]
[WhiteElo "2621"]
[BlackElo "2790"]
[TimeControl "180+1"]
[EndTime "9:16:43 PST"]
[Termination "1mbl4 won by resignation"]

1. e4 g6 2. d4 Bg7 3. Nc3 d6 4.
f4 Nd7 5. Nf3 c5 6. d5 Ngf6 7.
Be2 O-O 8. O-O a6 9. a4 Rb8 10.
Re1 Ne8 11. Be3 Nc7 12. a5 b5 13. axb6 Rxb6 14. Na4 Rb8 15. c3 Nb5 16. Bf2 Nf6 17. e5 dxe5 18. Nxe5 Ne4 19. Nc6 Qc7 20. Nxb8 Nxf2 21.
Kxf2 Qxf4+ 22. Bf3 Qxb8 23. g3 Be5 24. Nxc5 Bxc3 25. bxc3 Qb6 26. Qe2 Qxc5+ 27. Qe3 Qc7 28.
Qxe7 Qxc3 29. Rad1 Bf5 30. d6 Bc2 31. d7 Bxd1 32.
Qxf8+ Kxf8 33. d8=Q+ Kg7 34. Qxd1 Nd4 35. Re3 Qb2+ 36.
Kg1 Qb6 37. Kh1 a5 38. Qa1 Kh6 39. Rd3 Nf5 40. Qc1+ Kg7 41. Rd7 Qe6 42. Rb7 a4 43.
Qd1 a3 44. Bd5 Qe3 45. Rxf7+ Kh6 46. Rc7 Qf2 47. Qc1+ 1-0

[Event "Early-Titled-Tuesday-Blitz-February-27-2024"]
[Site "Chess.com"]
[Date "2024.02.27"]
[Round "7"]
[White "Kezin_Roman"]
[Black "Andreikka"]
[Result "0-1"]
[WhiteElo "2791"]
[BlackElo "2960"]
[TimeControl "180+1"]
[EndTime "9:16:44 PST"]
[Termination "Andreikka won on time"]

1. d4 Nf6 2. c4 e6 3. g3 Bb4+ 4. Bd2 Be7 5. Nf3 d5 6. Bg2 O-O 7. O-O Nbd7 8. Qc2 c6 9. Bf4 b6 10. Nbd2 Nh5 11. e3 Bb7 12. cxd5 exd5 13. h4 h6 14. Rac1 Re8 15. Rfd1 Rc8 16. Bh3 Nxf4 17.
exf4 Rc7 18. Nf1 Nf6 19. Ne5 c5 20. Ne3 Bd6 21. Qa4 cxd4 22. Rxc7 Bxc7 23. Qxd4 Qe7 24. Nf5 Qc5 25. Nd7 Qxd4 26. Nxd4 Bd8 27. Rc1 Nxd7 28. Bxd7 Re4 29. Nb5 d4 30. Bc6 Bxc6 31. Rxc6 Be7 32. Rc8+ Kh7 33. Re8 d3 34. Nc3 Re1+ 35. Kg2 d2 36. Kf3 Bf6 0-1

[Event "Early-Titled-Tuesday-Blitz-February-27-2024"]
[Site "Chess.com"]
[Date "2024.02.27"]
[Round "7"]
[White "BardArtem"]
[Black "DonMicheleCorleone"]
[Result "1-0"]
[WhiteElo "2750"]
[BlackElo "2520"]
[TimeControl "180+1"]
[EndTime "9:16:44 PST"]
[Termination "BardArtem won by resignation"]

1. e4 e6 2. d4 d5 3. Nc3 Bb4 4. e5 c5 5. a3 Bxc3+ 6. bxc3 Ne7 7. Bd3 Qa5 8. Bd2 Qa4 9. Qg4 c4 10. Be2 Qxc2 11. Nf3 Qg6 12. Qf4 Qf5 13. Qg3 Qg6 14.
a4 Qxg3 15. hxg3 Nbc6 16. Bc1 Bd7 17. Ba3 Na5 18. Bd1 Rc8 19. Nd2 h6 20. Bb4 Nec6 21. Bd6 b6 22. f4 Nb7 23. Ba3 Ne7 24. g4 Na5 25. Bb4 Nec6 26. Bd6 Nb7 27. Ba3 Ne7 28. Kf2 Na5 29. Bb4 Nec6 30. Bd6 Ne7 31. Bc2 Nb3 32. Nxb3 cxb3 33. Bxb3 Rxc3 34. Rab1 Nc6 35. Rhc1 Rxc1 36. Rxc1 Nxd4 37. Bd1 Nc6 38. Be2 f6 39. Bb5 Nd4 40. Rc8+ Kf7 41. Rxh8 Bxb5 42. axb5 Nxb5 43. Ke3 g5 44. Rxh6 gxf4+ 45. Kxf4 fxe5+ 46. Kxe5 a5 47. g5 a4 48. g6+ Kg8 49. Bf8 Kxf8 50. Kf6 Ke8 51. g7 1-0

[Event "Early-Titled-Tuesday-Blitz-February-27-2024"]
[Site "Chess.com"]
[Date "2024.02.27"]
[Round "7"]
[White "wonderfultime"]
[Black "SantoBlue"]
[Result "1-0"]
[WhiteElo "3104"]
[BlackElo "2972"]
[TimeControl "180+1"]
[EndTime "9:16:46 PST"]
[Termination "wonderfultime won by resignation"]

1. d4 d5 2. Nf3 Nf6 3. Bf4 e6 4. e3 Bd6 5. Nbd2 Nc6 6. Bb5 O-O 7. O-O Nxd4 8. Nxd4 e5 9. Bg5 exd4 10. exd4 c6 11. Bd3 h6 12. Bh4 Re8 13. c3 g6 14. Nf3 Kg7 15. Bg3 Bg4 16. h3 Bxf3 17. Qxf3 Bxg3 18. fxg3 Qd6 19. Rf2 Re7 20. Raf1 Nd7 21.
g4 Rae8 22. h4 Qe6 23. Qf4 f6 24. h5 g5 25. Qf3 Qg8 26. Qf5 Kh8 27. b3 Qg7 28. c4 dxc4 29. bxc4 Kg8 30. c5 Kh8 31. a4 a5 32. Rb2 Nf8 33. Qxf6 Qxf6 34. Rxf6 Kg7 35. Rf1 Rd8 36. Rbf2 Rxd4 37. Bb1 Ne6 38. g3 Rd6 39. cxd6 1-0

[Event "Early-Titled-Tuesday-Blitz-February-27-2024"]
[Site "Chess.com"]
[Date "2024.02.27"]
[Round "7"]
[White "Goryachkina"]
[Black "mishanick"]
[Result "0-1"]
[WhiteElo "2691"]
[BlackElo "3069"]
[TimeControl "180+1"]
[EndTime "9:16:46 PST"]
[Termination "mishanick won on time"]

1. e4 c5 2. Nf3 e6 3. d4 cxd4 4. Nxd4 Nc6 5. Nc3 Nf6 6. Ndb5 Bc5 7. Nd6+ Ke7 8. Bf4 e5 9. Nf5+ Kf8 10. Bg5 d6 11.
Bd3 h6 12. Bxf6 Qxf6 13. Nd5 Qd8 14. O-O Be6 15. Nfe3 g6 16. c3 a6 17. a4 Kg7 18.
b4 Ba7 19. Qe2 Rc8 20. Bc4 h5 21. Rfd1 h4 22. h3 Qg5 23. Kh1 Rhd8 24. b5 Na5 25.
b6 Nxc4 26. Nxc4 Bb8 27. Na5 Rd7 28. Nxb7 Rxb7 29. Qxa6 Bxd5 30. Rxd5 Qe7 31. a5 Rxc3 32. Qb5 Qd8 33. Rad1 Rc2 34. Rxe5 Rxf2 35. Re8 Qf6 36. a6 d5 37. axb7 Rd2 38. Rxd2 Qa1+ 0-1

[Event "Early-Titled-Tuesday-Blitz-February-27-2024"]
[Site "Chess.com"]
[Date "2024.02.27"]
[Round "7"]
[White "N4700000"]
[Black "NikitaShnadrygin"]
[Result "1-0"]
[WhiteElo "2465"]
[BlackElo "2606"]
[TimeControl "180+1"]
[EndTime "9:16:46 PST"]
[Termination "N4700000 won by resignation"]

1. e4 c5 2. a3 e5 3. Bc4 Nc6 4. Nc3 d6 5. d3 Be6 6. Bxe6 fxe6 7. f4 exf4 8. Bxf4 Nf6 9. Nf3 Be7 10. e5 dxe5 11. Nxe5 Nxe5 12. Bxe5 O-O 13. O-O Qb6 14. Kh1 Rad8 15. Qe2 Qc6 16. Rae1 b5 17. h3 b4 18.
Nd1 Rfe8 19. Ne3 Kh8 20. Ng4 Rf8 21. Bxf6 Bxf6 22. Nxf6 Rxf6 23. Rxf6 gxf6 24. Qxe6 Qxe6 25. Rxe6 b3 26. cxb3 Rxd3 27. Rxf6 Rxb3 28. Rf2 c4 29. Rc2 c3 30. Rxc3 Rxb2 31. Rc8+ Kg7 32. Rc7+ Kg6 33.
Rxa7 h5 34. Ra5 Ra2 35. Kh2 h4 36. Kg1 Kh6 37. Kf1 Kg6 38. Ra4 Kh5 39. Kg1 Rb2 40. Rb4 Ra2 41. a4 Kg5 42. Rg4+ Kh5 43. Kf1 Ra3 44. Ke2 Ra2+ 45. Kd3 1-0

[Event "Early-Titled-Tuesday-Blitz-February-27-2024"]
[Site "Chess.com"]
[Date "2024.02.27"]
[Round "7"]
[White "laziestwin"]
[Black "joshdaruca"]
[Result "1-0"]
[WhiteElo "2593"]
[BlackElo "2761"]
[TimeControl "180+1"]
[EndTime "9:16:47 PST"]
[Termination "laziestwin won by resignation"]

1. d4 d5 2. c4 e6 3. Nc3 Nf6 4. cxd5 exd5 5. Bg5 c6 6. e3 Be6 7. Bd3 Bd6 8. Nge2 h6 9. Bh4 Nbd7 10. f3 c5 11. O-O a6 12. Qd2 Qb8 13. h3 O-O 14.
Rad1 Re8 15. Bb1 b5 16. e4 cxd4 17. Nxd4 Bc5 18. Kh1 b4 19. Nxd5 Bxd5 20. exd5 Nxd5 21. Nc6 Qb5 22. Qxd5 Nb6 23. Qd3 Qxd3 24. Bxd3 a5 25.
Rfe1 Na4 26. Rxe8+ Rxe8 27. Rd2 g5 28. Bg3 Be3 29.
Re2 Re6 30. Nxa5 Bd4 31. Rxe6 fxe6 32. b3 Nc3 33. Nc6 Bc5 34. Be1 Nxa2 35. Bd2 Kf7 36. g3 Ke8 37. Kg2 Kd7 38. Ne5+ Ke7 39. h4 Kf6 40.
Ng4+ Kg7 41. hxg5 hxg5 42. Bxg5 Nc3 43. Bf6+ Kf7 44. Bxc3 bxc3 45. Bc2 e5 46. Nxe5+ Ke6 47. f4 Bd6 48. Kf3 Kd5 49. g4 Kd4 50. g5 Bxe5 51.
fxe5 Kxe5 52. Ke3 1-0

[Event "Early-Titled-Tuesday-Blitz-February-27-2024"]
[Site "Chess.com"]
[Date "2024.02.27"]
[Round "7"]
[White "tylityli"]
[Black "gm_rashid"]
[Result "0-1"]
[WhiteElo "2286"]
[BlackElo "2426"]
[TimeControl "180+1"]
[EndTime "9:16:47 PST"]
[Termination "gm_rashid won on time"]

1. d4 Nf6 2. c4 c5 3. d5 b5 4.
Nd2 a6 5. e4 d6 6. cxb5 axb5 7.
Bxb5+ Nbd7 8. Qc2 g6 9. b3 Bg7 10. Bb2 O-O 11. Ngf3 Ba6 12. Bc4 Nb6 13. O-O Nxc4 14.
bxc4 Qd7 15. h3 Rfb8 16. Bc3 Bh6 17. e5 Ne8 18. Rab1 Bg7 19. Rb3 Bc8 20. Rxb8 Rxb8 21.
Rb1 Ra8 22. Ra1 Qa7 23. a4 Bf5 24. Qa2 Qa6 25. a5 dxe5 26. Bxe5 Nd6 27. Bxg7 Kxg7 28. Qb2+ Kg8 29. Qc3 Rb8 30. Ne5 Rb4 31. Nc6 Rb7 32. Re1 e6 33. dxe6 Qxc6 34. e7 Be6 35. Qf6 Qe8 36. Rxe6 fxe6 37. Qxe6+ Nf7 38. Ne4 Qxe7 39. Nf6+ Kg7 40. Ne8+ Kf8 41. Qxe7+ Kxe7 0-1

[Event "Early-Titled-Tuesday-Blitz-February-27-2024"]
[Site "Chess.com"]
[Date "2024.02.27"]
[Round "7"]
[White "NaciSAN"]
[Black "dennisodessa"]
[Result "0-1"]
[WhiteElo "2130"]
[BlackElo "2588"]
[TimeControl "180+1"]
[EndTime "9:16:47 PST"]
[Termination "dennisodessa won on time"]

1. e4 e6 2. d4 d5 3. exd5 exd5 4. Bd3 Nf6 5. Ne2 Bd6 6. Bf4 O-O 7. O-O Bg4 8. f3 Bh5 9. Bxd6 Qxd6 10. Nbc3 Bg6 11.
Bxg6 hxg6 12. Qd2 c6 13. Qf4 Qxf4 14. Nxf4 Nbd7 15. Rfe1 Rfe8 16. Kf2 Rxe1 17. Rxe1 Re8 18. Rxe8+ Nxe8 19. Nd1 g5 20. Nd3 f6 21. a4 Nc7 22.
b3 Ne6 23. c3 Kf7 24. g3 c5 25.
dxc5 Ndxc5 26. Nc1 d4 27. a5 dxc3 28. Nxc3 Nd4 29. b4 Nce6 30. Nd3 Nc6 31. Nb5 Ke7 32.
Ke3 a6 33. Nc3 Kd6 34. Ne4+ Kd5 35. Nc3+ Kc4 36. Ne4 Nxb4 37. Nd6+ Kb3 38. Nxb7 Nxd3 39. Kxd3 Kb4 40. Ke4 Kb5 41. Kf5 Nd4+ 42. Kg6 Nxf3 43. Kxg7 Nxh2 44. Kxf6 Nf1 45. Kxg5 Nxg3 46. Kf4 Ne2+ 47.
Ke3 Nc3 48. Kd2 Nd5 49. Kc2 Nb4+ 50. Kb3 Nc6 51. Ka3 Nd4 52. Kb2 Kb4 0-1

[Event "Early-Titled-Tuesday-Blitz-February-27-2024"]
[Site "Chess.com"]
[Date "2024.02.27"]
[Round "7"]
[White "tarno17"]
[Black "maurovargas01"]
[Result "1-0"]
[WhiteElo "2143"]
[BlackElo "1864"]
[TimeControl "180+1"]
[EndTime "9:16:48 PST"]
[Termination "tarno17 won on time"]

1. e4 c6 2. d4 d5 3. Nc3 dxe4 4. Nxe4 Nf6 5. Ng3 h5 6. h4 Qc7 7. Nf3 Bg4 8. Bc4 e6 9. Bg5 Nbd7 10. Qe2 Bd6 11. Ne4 Nxe4 12. Qxe4 Bf5 13. Qe2 Nb6 14. Bb3 Qd7 15. O-O f6 16. Bd2 O-O-O 17. c4 Bb8 18. d5 exd5 19. cxd5 Nxd5 20. Nd4 Qc7 21. f4 Bg4 22.
Qf2 Rhe8 23. Rac1 Qb6 24. a4 a6 25. a5 Qc7 26. Rc5 Ne7 27. Rfc1 Ba7 28. Be6+ Kb8 29. Bxg4 hxg4 30. Ne6 Qd6 31. Nxd8 Rxd8 32. Be3 Bxc5 33.
Bxc5 Qd2 34. Qxd2 Rxd2 35. Bxe7 Rxb2 36. Bf8 g5 37. hxg5 fxg5 38. fxg5 g3 39. g6 Rb5 40. Be7 1-0

[Event "Early-Titled-Tuesday-Blitz-February-27-2024"]
[Site "Chess.com"]
[Date "2024.02.27"]
[Round "7"]
[White "sathvikadiga"]
[Black "Flawless_Fighter"]
[Result "0-1"]
[WhiteElo "2545"]
[BlackElo "2732"]
[TimeControl "180+1"]
[EndTime "9:16:49 PST"]
[Termination "Flawless_Fighter won on time"]

1. e4 c5 2. Nf3 d6 3. d4 cxd4 4. Nxd4 Nf6 5. Nc3 a6 6. Be2 e5 7.
Nb3 Be7 8. O-O O-O 9. Be3 Be6 10. Qd3 Nbd7 11. Nd5 Bxd5 12. exd5 Rc8 13. c4 a5 14. Nd2 Nc5 15. Qc2 Re8 16. b3 g6 17. a3 Bf8 18. b4 Ncd7 19. Qa4 axb4 20. axb4 Qc7 21. Qb5 Ra8 22. Nb3 Ne4 23. Rac1 Ra3 24. Bd1 f5 25. Bb6 Qxb6 26. Qxd7 Re7 27. Qc8 Qxb4 28. c5 Rxb3 29. Bxb3 Qxb3 30. c6 bxc6 31. dxc6 Nc5 32. c7 Qf7 33. Qa8 Rxc7 34. Rb1 Kg7 35. Rb8 Be7 36.
f4 e4 37. Re8 Bf6 38. Rb1 Re7 39. Rc8 e3 40. Kf1 e2+ 41. Kf2 Bd4+ 42. Kg3 Re3+ 43. Kf2 e1=Q+ 0-1

[Event "Early-Titled-Tuesday-Blitz-February-27-2024"]
[Site "Chess.com"]
[Date "2024.02.27"]
[Round "7"]
[White "Slovineanu"]
[Black "Zq1"]
[Result "0-1"]
[WhiteElo "2471"]
[BlackElo "2637"]
[TimeControl "180+1"]
[EndTime "9:16:49 PST"]
[Termination "Zq1 won on time"]

1. d4 Nf6 2. Nf3 e6 3. c4 a6 4.
e3 c5 5. Bd3 d5 6. b3 Nc6 7.
Bb2 Be7 8. O-O O-O 9. Nbd2 dxc4 10. bxc4 b6 11. Qe2 Bb7 12. Rad1 Qc7 13. h3 Rad8 14. Bb1 g6 15. Rfe1 cxd4 16. exd4 Nh5 17. Ne4 Na5 18. Rc1 Qb8 19. Qe3 Qf4 20. Qxf4 Nxf4 21. g3 Nh5 22. Ne5 Nf6 23. Nxf6+ Bxf6 24. f4 Rfe8 25. Kf2 Rc8 26. Bd3 Red8 27. Red1 Nc6 28.
Nxc6 Bxc6 29. Ba1 b5 30. cxb5 Bxb5 31. Bxb5 Rxc1 32. Rxc1 axb5 33. Ke3 Ra8 34. d5 Ra3+ 35. Ke4 exd5+ 36. Kxd5 Bxa1 37. Rxa1 b4 38. Rb1 Rxg3 39. Rxb4 Rxh3 40. a4 Ra3 41. Kc5 h5 42. Kb5 h4 43.
f5 g5 44. f6 Kh7 45. a5 h3 46. a6 Kg6 0-1

[Event "Early-Titled-Tuesday-Blitz-February-27-2024"]
[Site "Chess.com"]
[Date "2024.02.27"]
[Round "7"]
[White "TioCridineno"]
[Black "sewlins"]
[Result "1-0"]
[WhiteElo "2403"]
[BlackElo "2158"]
[TimeControl "180+1"]
[EndTime "9:16:49 PST"]
[Termination "TioCridineno won on time"]

1. e4 c5 2. Nf3 d6 3. c3 Nf6 4.
Be2 g6 5. Bd3 Bg7 6. h3 O-O 7. O-O d5 8. exd5 Nxd5 9. Bc4 Nc6 10. d3 b6 11. Qe2 Bb7 12. a4 Qd6 13. Re1 Rad8 14. Na3 e6 15. Bg5 Rd7 16. Rad1 h6 17.
Bc1 a6 18. Ba2 Nf4 19. Bxf4 Qxf4 20. Nc4 b5 21. axb5 axb5 22. Ne3 Ra8 23. Bb1 Ne5 24.
Nxe5 Bxe5 25. Nf1 Bc7 26. Qg4 Qf6 27. h4 Ra4 28. d4 cxd4 29. Bc2 Rc4 30. Bb3 Rc5 31.
Ng3 h5 32. Qe2 Qxh4 33. cxd4 Rg5 34. Rd3 Bd5 35. Rc1 Bxg3 36. fxg3 Rxg3 37. Rxg3 Qxg3 38.
Rc3 Qg5 39. Bc2 Bc4 40. Qf2 Qd5 41. b3 b4 42. Rxc4 e5 43. dxe5 Qxe5 44. Rxb4 Qa1+ 45. Kh2 Qe5+ 46. Qg3 Qc5 47. Rc4 1-0

[Event "Early-Titled-Tuesday-Blitz-February-27-2024"]
[Site "Chess.com"]
[Date "2024.02.27"]
[Round "7"]
[White "SlavenPastar"]
[Black "Kopytkin"]
[Result "1-0"]
[WhiteElo "2624"]
[BlackElo "2465"]
[TimeControl "180+1"]
[EndTime "9:16:50 PST"]
[Termination "SlavenPastar won by resignation"]

1. b3 e5 2. Bb2 Nc6 3. Nf3 f6 4. e3 d5 5. d4 e4 6. Ng1 f5 7. c4 Nf6 8. Nc3 Be6 9. Nge2 Bd6 10. cxd5 Nxd5 11. Nxd5 Bxd5 12. Nc3 Bf7 13. Be2 O-O 14. O-O Qh4 15. g3 Qh3 16. Nb5 Rfd8 17. Re1 Bb4 18.
Bf1 Qh5 19. Qxh5 Bxh5 20. Rec1 Rac8 21. d5 Rxd5 22. Bc4 Bf7 23. Bxd5 Bxd5 24. Rd1 Be6 25. a3 Be7 26. b4 Bb3 27. Rd2 Bc4 28. Nd4 Ne5 29.
Nxf5 Nf3+ 30. Kg2 Bf8 31. Rd7 Be6 32. Ne7+ Kf7 33. Nxc8+ Bxd7 34. Nxa7 Nd2 35. Rd1 Nc4 36. Rxd7+ Ke8 37. Rxc7 Nxb2 38. Rxb7 Nc4 39. a4 h6 40.
b5 Nd6 41. Rb8+ Kf7 42. Nc6 g5 43. a5 Bg7 44. a6 h5 45. a7 h4 46. gxh4 gxh4 47. a8=Q 1-0

[Event "Early-Titled-Tuesday-Blitz-February-27-2024"]
[Site "Chess.com"]
[Date "2024.02.27"]
[Round "7"]
[White "Kev4444444444"]
[Black "anasta10"]
[Result "1-0"]
[WhiteElo "2344"]
[BlackElo "2522"]
[TimeControl "180+1"]
[EndTime "9:16:51 PST"]
[Termination "Kev4444444444 won on time"]

1. d4 Nf6 2. c4 g6 3. Nc3 c5 4. d5 d6 5. e4 Bg7 6. Bd3 e6 7. Nf3 O-O 8. O-O exd5 9. cxd5 Bg4 10. Bf4 a6 11. a4 Qe7 12. h3 Bxf3 13. Qxf3 Nbd7 14.
Qg3 Ne5 15. Bxe5 dxe5 16. Qe3 Rac8 17. a5 Ne8 18. Na4 Nd6 19. Nxc5 Bh6 20. Qxh6 Rxc5 21. Rac1 Rfc8 22. b4 Rc3 23. Rxc3 Rxc3 24. Bb1 Nb5 25. f4 Qxb4 26. f5 Qc5+ 27. Kh2 Qf8 28. Qh4 Rc8 29. f6 Nd6 30. Bd3 h6 31. Rf3 Kh7 32. Qg3 Re8 33. h4 h5 34. Bb1 Qh6 35. Rb3 Qc1 36. Rb6 Qc5 37. Qf3 Nc4 38. Rxb7 Rf8 39. Qh3 Nd2 40.
Bd3 Qc3 41. Bxa6 Qc1 42. Qd3 1-0

[Event "Early-Titled-Tuesday-Blitz-February-27-2024"]
[Site "Chess.com"]
[Date "2024.02.27"]
[Round "7"]
[White "amelia91"]
[Black "lluiss"]
[Result "1/2-1/2"]
[WhiteElo "1993"]
[BlackElo "2165"]
[TimeControl "180+1"]
[EndTime "9:16:51 PST"]
[Termination "Game drawn - insufficient material"]

1. d4 d5 2. Nf3 c6 3. Bf4 e6 4. e3 f5 5. Bd3 Nf6 6. c4 Be7 7. Nc3 O-O 8. O-O Bd7 9. Rc1 Be8 10. cxd5 cxd5 11. Nb5 Bxb5 12. Bxb5 a6 13. Bc7 Qc8 14. Ba4 b5 15. Bb3 Qb7 16. Ng5 Nc6 17.
Nxe6 Rfe8 18. Be5 Qd7 19. Bxf6 Bxf6 20. Nc5 Qd6 21. Qf3 Ne7 22. a4 Kh8 23. axb5 axb5 24.
Ra1 f4 25. exf4 Bxd4 26. Nd3 Rxa1 27. Rxa1 Rf8 28. g3 g5 29. Qh5 gxf4 30. Nxf4 Rg8 31. Nxd5 Nxd5 32. Qxd5 Rxg3+ 33. Kf1 Qxd5 34. Bxd5 Rh3 35.
Kg2 Rh5 36. Bc6 Rf5 37. f3 Bxb2 38. Ra8+ Kg7 39. Ra7+ Kh8 40. Rb7 Rg5+ 41. Kf1 Rh5 42. Rxb5 Rxb5 43. Bxb5 Be5 44. Kg2 Kg7 45. Bd3 Bf4 46.
Bxh7 Kxh7 47. Kh3 Be5 48. Kg4 Bd6 49. f4 Bxf4 50. Kf5 Bxh2 1/2-1/2